 Dungeon Crawl Stone Soup version 0.31.0-9-g3a7656b989 (webtiles) character file.

Game seed: 5065896945083721981

84 qw the Shooter (level 4, -2/25 HPs)
             Began as a Deep Elf Hunter on Feb 2, 2024.
             Killed from afar by Natasha (9 damage)
             ... with a puff of flame
             ... on level 2 of the Dungeon.
             The game lasted 00:00:04 (1189 turns).

qw the Shooter (Deep Elf Hunter)                    Turns: 1189, Time: 00:00:05

Health: -2/25      AC:  4    Str: 10    XL:     4   Next: 23%
Magic:  6/6        EV: 12    Int: 14    God:
Gold:   79         SH:  0    Dex: 18    Spells: 3/3 levels left

rFire   . . .        a - +0 shortbow
rCold   . . .        (shield currently unavailable)
rNeg    . . .        c - +0 leather armour
rPois   .            (no helmet)
rElec   .            d - +0 cloak
rCorr   .            (no gloves)
SInv    .            (no boots)
Will    .....        (no amulet)
Stlth   ++           (no ring)
HPRegen 0.24/turn    (no ring)
MPRegen 0.10/turn

%: no passive effects
@: no status effects
A: no striking features
a: no special abilities


You were on level 2 of the Dungeon.
You visited 1 branch of the dungeon, and saw 2 of its levels.

You collected 79 gold pieces.


   Skills:
 - Level 1.5 Fighting
 + Level 7.6 Ranged Weapons
 - Level 2.4 Dodging
 - Level 1.2 Stealth


You had 3 spell levels left.
You didn't know any spells.
Your spell library was empty.

Inventory:

Hand Weapons
 a - a +0 shortbow (weapon)
Armour
 c - a +0 leather armour (worn)
 d - a +0 cloak (worn)
Scrolls
 b - a scroll of revelation {unknown}
Potions
 f - a potion of berserk rage {unknown}
 h - 2 potions of brilliance {unknown}

Dungeon Overview and Level Annotations

Branches:
Dungeon (2/15)

Altars:
Hepliaklqana

Shops:
D:1 [

Annotations:
D:2 Natasha


Message History

The arrow hits the gnoll but does no damage.
The gnoll is heavily wounded.
The gnoll hits you from afar with a +0 spear.
Enter note:
Enter note:
Enter note:
Enter note:
Enter note:
Enter note:
1185 ||| RETREEEEATING.
Natasha, Servant of Life and Death comes into view.
She is carrying a wand of flame.
Enter note:
Enter note:
Enter note:
Enter note:
Enter note:
Enter note:
1186 ||| RETREEEEATING.
The adder attacks as it pursues you! The adder bites you.
The gnoll barely misses you.
You shoot an arrow. The arrow closely misses the adder.
The arrow hits the gnoll.
The gnoll is severely wounded.
The adder misses you. The gnoll barely misses you.
Enter note:
Enter note:
Enter note:
1188 ||| RETREEEEATING.
The adder attacks as it pursues you! The adder misses you.
Natasha stares at you and mumbles some strange words.
The magic dart hits you. The gnoll attacks as it pursues you!
The gnoll hits you from afar with a +0 spear.
The adder barely misses you.
Enter note:
Enter note:
Enter note:
1189 ||| RETREEEEATING.
Natasha zaps a wand.
The puff of flame hits you!
You die...
Natasha begins licking her fur clean.

.. #.. #...# .>. #..
#.####### .... #g.
#########.##.....
.....##.##
.................
......ggg
##.....>#######
......#.### #.##..##
.....
$.......g.#####.##.##
.....
.....##.#Sh##...##.#
....% ...
#.....@.....).#
...... #
#%...........##
#......
#............#
....<...
#...####.....###.#
##### ......#
#.....#...#
......######.....#
#................##
#......######.#..####
#.. ..# #..#.....#


You could see Natasha, 2 gnolls and an adder.

Vanquished Creatures
  Natasha (D:2)
  An adder (D:2)
  A ribbon worm (D:2)
  2 endoplasms
  3 giant cockroaches
  4 hobgoblins (D:1)
  2 jackals (D:1)
  4 kobolds (D:1)
  2 quokkas
  5 ball pythons
  5 bats
  4 frilled lizards
  7 goblins
  5 rats
46 creatures vanquished.

Notes
Turn   | Place    | Note
-------+----------+-------------------------------------------
     0 | D:1      | qw the Deep Elf Hunter began the quest for the Orb.
     0 | D:1      | Reached XP level 1. HP: 12/12 MP: 3/3
     0 | D:1      | 0 ||| qw: Version: 0.3-a-155-g5e7d8dd
     0 | D:1      | 0 ||| qw: Game counter: 957
     0 | D:1      | 0 ||| qw: Melee chars always use a shield: true
     0 | D:1      | 0 ||| qw: God list: Okawaru
     0 | D:1      | 0 ||| qw: Allow faded altars: false
     0 | D:1      | 0 ||| qw: Do Orc after clearing Dungeon:15 true
     0 | D:1      | 0 ||| qw: Do second Lair branch before Depths: true
     0 | D:1      | 0 ||| qw: Lair rune preference: random
     0 | D:1      | 0 ||| qw: Goals: Normal
     0 | D:1      | 0 ||| PLANNING D:1-11
   111 | D:1      | Reached skill level 6 in Ranged Weapons
   111 | D:1      | Reached XP level 2. HP: 16/16 MP: 4/4
   504 | D:1      | Reached XP level 3. HP: 20/20 MP: 5/5
   505 | D:1      | Found Yrikolih's Armour Shop.
   520 | D:1      | 520 ||| SHOPLISTING +0 helmet (54 gold, have 29).
   520 | D:1      | 520 ||| SHOPLISTING +0 ring mail (48 gold, have 29).
   520 | D:1      | 520 ||| SHOPLISTING +1 hat (132 gold, have 29).
   584 | D:1      | 584 ||| UPGRADING to +0 cloak.
   589 | D:1      | 589 ||| READING scroll labelled WUTUAWK ZYISALUIF.
   690 | D:1      | 690 ||| READING scroll labelled KEAMEGG OFASEW.
   693 | D:1      | 693 ||| DROPPING scroll of butterflies.
   861 | D:2      | Reached skill level 7 in Ranged Weapons
   864 | D:2      | 864 ||| FLEEEEING.
   865 | D:2      | 865 ||| FLEEEEING.
   866 | D:2      | 866 ||| FLEEEEING.
   867 | D:2      | 867 ||| FLEEEEING.
   868 | D:2      | 868 ||| FLEEEEING.
   869 | D:2      | 869 ||| FLEEEEING.
   870 | D:2      | 870 ||| FLEEEEING.
   976 | D:2      | Noticed Natasha
   980 | D:2      | Killed Natasha
   981 | D:2      | Reached XP level 4. HP: 25/25 MP: 6/6
  1088 | D:2      | Found a hazy altar of Hepliaklqana.
  1185 | D:2      | 1185 ||| RETREEEEATING.
  1185 | D:2      | Noticed Natasha
  1186 | D:2      | 1186 ||| RETREEEEATING.
  1188 | D:2      | 1188 ||| RETREEEEATING.
  1189 | D:2      | 1189 ||| RETREEEEATING.
  1189 | D:2      | Killed from afar by Natasha

Levels and vault maps discovered:
D:1:      dpeg_arrival_round_c, layout_loops_ring, serial_shops, shop
D:2:      layout_rooms, basic_altar, uniq_natasha

Skill      XL: |  1  2  3 |
---------------+----------+-----
Ranged Weapons | 6 7 |  7.6
Fighting       | |  1.5
Dodging        | |  2.4
Stealth        | |  1.2

Action                     |  1- 3 |  4- 6 || total
---------------------------+-------+-------++-------
   Fire: Shortbow          |   109 |     8 ||   117
    Use: Scroll            |     2 |       ||     2
 Armour: Leather armour    |    13 |     7 ||    20
  Dodge: Dodged            |    11 |     5 ||    16

Table legend:
 A = Non-vault XP
 B = Vault XP
 C = Vault XP percentage of total XP
 D = Non-vault monster count
 E = Vault monster count
 F = Vault count percentage of total count
                 A         B        C        D         E       F
            +---------+---------+-------+---------+---------+-------
      Total |      85 |      35 |  29.2 |      45 |       1 |   2.2
            +---------+---------+-------+---------+---------+-------
        D:1 |      46 |       0 |   0.0 |      30 |       0 |   0.0
        D:2 |      39 |      35 |  47.3 |      15 |       1 |   6.2
            +---------+---------+-------+---------+---------+-------
